 Dungeon Crawl Stone Soup version 0.31-a0-614-gc85dc1c48c (webtiles) character file.

Game seed: 2549881743742759809

2454896 EnegeticOcto the Middleweight Champion (level 26, 254/254 HPs)
             Began as a Minotaur Shapeshifter on Aug 22, 2023.
             Was a High Priest of Wu Jian.
             Escaped with the Orb
             ... and 4 runes!
             The game lasted 01:53:39 (62880 turns).

EnegeticOcto the Middleweight Champion (MiSh)      Turns: 62880, Time: 01:53:40

Health: 254/254    AC: 37    Str: 22    XL:     26   Next: 1%
Magic:  31/31      EV: 17    Int:  5    God:    Wu Jian [*****.]
Gold:   912        SH:  0    Dex: 23    Spells: 18/25 levels left

rFire   + +          .
                       - Unarmed
rCold   + . .        (shield currently unavailable)
rNeg    + . .        x - +2 gold dragon scales
rPois   +            W - +2 hat
rElec   +            C - +2 cloak of Space {+Inv rF+ MP+9}
rCorr   +            O - melded +2 pair of gloves
SInv    .            u - +2 pair of boots
Will    ++...        t - amulet of regeneration Stlth
                     N - ring of Okawaru's Favour {rElec rCorr Dex+2}
HPRegen 1.42/turn    P - ring "Cocexix" {rN+ Will+}
MPRegen 0.22/turn

%: no passive effects
@: blade hands, studying Unarmed Combat
A: horns 2, retaliatory headbutt, fangs 1, wild magic 2
0: Orb of Zot
}: 4/15 runes: decaying, serpentine, slimy, abyssal
a: Begin Untransformation, Renounce Religion, Evoke Invisibility, Wall Jump,
Serpent's Lash, Heavenly Storm


You escaped.
You worshipped Wu Jian.
Wu Jian was extremely pleased with you.
You had blades for hands.
You visited 11 branches of the dungeon, and saw 52 of its levels.
You visited the Abyss 1 time.
You also visited: Trove, Bailey, Ice Cave and Desolation.

You collected 6271 gold pieces.
You spent 5359 gold pieces at shops.

Inventory:

Missiles
 i - 4 curare-tipped darts
Armour
 u - a +2 pair of boots (worn)
   (You found it on level 4 of the Dungeon)
 x - +2 gold dragon scales (worn)
   (You found it on level 1 of the Realm of Zot)
 C - the +2 cloak of Space (worn) {+Inv rF+ MP+9}
   (You found it on level 5 of the Pits of Slime)

   rF+:       It protects you from fire.
   MP+9:      It affects your magic capacity (+9).
   +Inv:      It lets you turn invisible.
 O - a +2 pair of gloves (melded)
   (You found it in an ice cave)
 W - a +2 hat (worn)
   (You found it in an ice cave)
Jewellery
 t - an amulet of regeneration (around neck)
   (You found it on level 5 of the Dungeon)
 v - the ring of Hioregg {Wiz rElec rF+++ Str+3 Dex-4}
   (You found it on level 5 of the Pits of Slime)

   [ring of wizardry]

   Wiz:       It improves your spell success rate.
   Str+3:     It affects your strength (+3).
   Dex-4:     It affects your dexterity (-4).
   rF+++:     It renders you almost immune to fire.
   rElec:     It insulates you from electricity.
 A - the ring of Ejuaqaam {rF+ rN+ rCorr Dex+6}
   (You found it in the Desolation of Salt)

   [ring of dexterity]

   Dex+6:     It affects your dexterity (+6).
   rF+:       It protects you from fire.
   rN+:       It protects you from negative energy.
   rCorr:     It protects you from acid and corrosion.
 N - the ring of Okawaru's Favour (left blade hand) {rElec rCorr Dex+2}
   (You found it in the Desolation of Salt)

   [ring of resist corrosion]

   Dex+2:     It affects your dexterity (+2).
   rElec:     It insulates you from electricity.
   rCorr:     It protects you from acid and corrosion.
 P - the ring "Cocexix" (right blade hand) {rN+ Will+}
   (You found it in an ice cave)

   [ring of positive energy]

   rN+:       It protects you from negative energy.
   Will+:     It increases your willpower.
 Y - the ring "Dibeupro" {+Blink rCorr Stlth+}
   (You took it off a deep elf death mage on level 3 of the Elven Halls)

   [ring of resist corrosion]

   +Blink:    It lets you blink.
   rCorr:     It protects you from acid and corrosion.
   Stlth+:    It makes you more stealthy.
Talismans
 g - a blade talisman (active)
   (You found it on level 6 of the Dungeon)
Wands
 a - a wand of digging (17) {@v3}
   (You found it on level 5 of the Lair of Beasts)
 c - a wand of iceblast (62) {@v2}
   (You found it on level 15 of the Dungeon)
 o - a wand of acid (16) {@v1}
   (You took it off a kobold on level 8 of the Dungeon)
 q - a wand of polymorph (32)
   (You found it on level 4 of the Dungeon)
 r - a wand of mindburst (45)
   (You found it on level 6 of the Dungeon)
 F - a wand of charming (40)
   (You found it on level 7 of the Dungeon)
 I - a wand of flame (57) {@v4}
   (You found it on level 7 of the Dungeon)
Scrolls
 j - 11 scrolls of immolation
 m - 6 scrolls of blinking {@r4}
 s - 19 scrolls of teleportation {@r3 !r}
 D - 5 scrolls of vulnerability
 E - 2 scrolls of butterflies
 G - 8 scrolls of fog {!r}
 K - 3 scrolls of poison
 M - 5 scrolls of fear {!r}
 T - 3 scrolls of silence {!r}
Potions
 b - 7 potions of lignification {@q6}
 d - a potion of cancellation
 e - 6 potions of berserk rage
 f - 9 potions of haste {@q4 !q}
 h - 19 potions of curing {@q1 !q}
 k - 5 potions of ambrosia
 n - 6 potions of brilliance
 p - 6 potions of magic
 z - 8 potions of enlightenment
 H - 2 potions of resistance
 L - 8 potions of mutation
 Q - 6 potions of might {@q3 !q}
 S - 9 potions of heal wounds {@q2 !q}
 V - 4 potions of invisibility
 Z - 3 potions of attraction
Miscellaneous
 y - a phial of floods
   (You found it on level 4 of the Vaults)
 B - a condenser vane
   (You found it in a bailey)
 R - a box of beasts
   (You found it on level 2 of the Snake Pit)


   Skills:
 + Level 23.8 Fighting
 + Level 23.8 Armour
 - Level 20.5 Dodging
 - Level 2.0 Stealth
 O Level 27 Unarmed Combat
 * Level 10.2 Evocations
 - Level 18.0 Shapeshifting


You had 18 spell levels left.
You knew the following spells:

 Your Spells              Type           Power      Damage    Failure   Level
a - Apportation           Tloc           0%         N/A       100%        1
b - Wereblood             Tmut           0%         N/A       100%        2
p - Passwall              Tmut/Erth      0%         N/A       100%        2
Y - Blink                 Tloc           0%         N/A       100%        2

Your spell library contained the following spells:

 Spells                   Type           Power      Damage    Failure   Level
 Foxfire                  Conj/Fire      0%         2x1d4     100%        1
 Freeze                   Ice            0%         1d3       100%        1
 Kiss of Death            Conj/Necr      0%         2d5       100%        1
 Magic Dart               Conj           0%         1d3       100%        1
 Necrotise                Necr           0%         1d4       100%        1
 Slow                     Hex            0%         N/A       100%        1
 Summon Small Mammal      Summ           0%         N/A       100%        1
 Ensorcelled Hibernation  Hex/Ice        0%         N/A       100%        2
 Lesser Beckoning         Tloc           0%         N/A       100%        2
 Momentum Strike          Conj/Tloc      0%         3d8       100%        2
 Searing Ray              Conj           0%         2d4       100%        2
 Static Discharge         Conj/Air       0%         2-2/arc   100%        2
 Sublimation of Blood     Necr           0%         N/A       100%        2
 Call Canine Familiar     Summ           0%         N/A       100%        3
 Confusing Touch          Hex            0%         N/A       100%        3
 Dazzling Flash           Conj/Hex       0%         N/A       100%        3
 Frozen Ramparts          Ice            0%         1d1       100%        3
 Gell's Gravitas          Tloc           0%         N/A       100%        3
 Hailstorm                Conj/Ice       0%         3d3       100%        3
 Ignite Poison            Fire/Tmut/Pois 0%         N/A       100%        3
 Inner Flame              Hex/Fire       0%         N/A       100%        3
 Ozocubu's Armour         Ice            0%         N/A       100%        3
 Portal Projectile        Hex/Tloc       0%         N/A       100%        3
 Summon Guardian Golem    Hex/Summ       0%         N/A       100%        3
 Swiftness                Air            0%         N/A       100%        3
 Teleport Other           Tloc           0%         N/A       100%        3
 Tukima's Dance           Hex            0%         N/A       100%        3
 Vampiric Draining        Necr           0%         2d6       100%        3
 Vhi's Electric Charge    Tloc/Air       0%         N/A       100%        3
 Volatile Blastmotes      Fire/Tloc      0%         2d10      100%        3
 Anguish                  Hex/Necr       0%         N/A       100%        4
 Animate Armour           Summ/Erth      0%         N/A       100%        4
 Animate Dead             Necr           0%         N/A       100%        4
 Cause Fear               Hex            0%         N/A       100%        4
 Flame Wave               Conj/Fire      0%         2d4       100%        4
 Fulminant Prism          Conj/Hex       0%         3d5       100%        4
 Iskenderun's Mystic Bla  Conj/Tloc      0%         2d3       100%        4
 Leda's Liquefaction      Hex/Erth       0%         N/A       100%        4
 Manifold Assault         Tloc           0%         N/A       100%        4
 Olgreb's Toxic Radiance  Pois           0%         N/A       100%        4
 Passage of Golubria      Tloc           0%         N/A       100%        4
 Petrify                  Tmut/Erth      0%         N/A       100%        4
 Sticky Flame             Conj/Fire      0%         2d3       100%        4
 Summon Ice Beast         Ice/Summ       0%         N/A       100%        4
 Summon Lightning Spire   Summ/Air       0%         N/A       100%        4
 Agony                    Necr           0%         N/A       100%        5
 Alistair's Intoxication  Tmut/Pois      0%         N/A       100%        5
 Arcjolt                  Conj/Air       0%         1d10      100%        5
 Borgnjor's Vile Clutch   Necr/Erth      0%         N/A       100%        5
 Freezing Cloud           Conj/Ice/Air   0%         6-21      100%        5
 Irradiate                Conj/Tmut      0%         3d11      100%        5
 Lee's Rapid Deconstruct  Erth           0%         3d4*      100%        5
 Metabolic Englaciation   Hex/Ice        0%         N/A       100%        5
 Silence                  Hex/Air        0%         N/A       100%        5
 Summon Forest            Summ/Tloc      0%         N/A       100%        5
 Summon Mana Viper        Hex/Summ       0%         N/A       100%        5
 Yara's Violent Unravell  Hex/Tmut       0%         3d3       100%        5
 Death Channel            Necr           0%         N/A       100%        6
 Dispersal                Tloc           0%         N/A       100%        6
 Eringya's Noxious Bog    Tmut/Pois      0%         4d6       100%        6
 Leda's Unmaking          Conj/Erth      0%         9d1       100%        6
 Plasma Beam              Fire/Air       0%         2x1d10    100%        6
 Simulacrum               Ice/Necr       0%         N/A       100%        6
 Starburst                Conj/Fire      0%         6d3       100%        6
 Summon Cactus Giant      Summ           0%         N/A       100%        6
 Enfeeble                 Hex            0%         N/A       100%        7
 Haunt                    Necr/Summ      0%         N/A       100%        7
 Monstrous Menagerie      Summ           0%         N/A       100%        7
 Orb of Destruction       Conj           0%         9d5       100%        7
 Ozocubu's Refrigeration  Ice            0%         4d7       100%        7
 Spellforged Servitor     Conj/Summ      0%         N/A       100%        7
 Summon Hydra             Summ           0%         N/A       100%        7
 Borgnjor's Revivificati  Necr           0%         N/A       100%        8
 Disjunction              Tloc           0%         N/A       100%        8
 Ignition                 Fire           0%         3d3       100%        8
 Chain Lightning          Conj/Air       0%         N/A       100%        9
 Death's Door             Necr           0%         N/A       100%        9
 Dragon's Call            Summ           0%         N/A       100%        9


Dungeon Overview and Level Annotations

Branches:
Dungeon (15/15)            Temple (1/1) D:6            Lair (5/5) D:9
  Swamp (4/4) Lair:2        Snake (4/4) Lair:3        Slime (5/5) Lair:5
    Orc (2/2) D:10            Elf (3/3) Orc:2        Vaults (4/5) D:13
  Crypt (0/3) Vaults:3     Depths (4/4) D:15            Zot (5/5) Depths:4
 Bailey (visited)           IceCv (visited)         Desolation (visited)

Altars:
Ashenzari
Cheibriados
Dithmenos
Elyvilon
Fedhas
Gozag
Hepliaklqana
Kikubaaqudgha
Makhleb
Nemelex Xobeh
Okawaru
Qazlal
Ru
Sif Muna
Trog
Uskayaw
Vehumet
Wu Jian
Xom
Yredelemnul
Zin
The Shining One
Jiyva

Shops:
D:3 =   D:7 ?   D:8 *   D:13 [   Orc:1 !*:(   Orc:2 ?((!   Elf:3 !   Snake:1 *
Snake:2 ??[*   Snake:3 ::=*   Depths:1 :   Depths:2 ?*(((

Portals:
Hell: Depths:1 Depths:2 Depths:3 Depths:4
Abyss: Depths:2 Depths:3
Pandemonium: Depths:1 Depths:2 Depths:3
Ziggurat: Depths:1

Annotations:
D:12 2 transporters, MrShunz's ghost, journeyman MiBe
D:13 1 transporter, Nessos
Lair:1 exclusion: oklob plant
Swamp:2 3 runed translucent doors, exclusion: 3 doors, Jannitor's ghost, journeyman FeMo
Swamp:4 exclusion: 3 oklob plants
Snake:2 3 runed translucent doors, exclusion: 3 doors, Iheguu's ghost, adept DsEE; Kiciri's ghost, adept MeEE; Tarkan's ghost, journeyman MiBe
Elf:2 3 runed translucent doors, exclusion: door


Innate Abilities, Weirdness & Mutations

You have blades for hands.
You are incapable of wielding weapons or throwing items.
You have a pair of horns on your head.
You reflexively headbutt those who attack you in melee.
You have very sharp teeth.
Your spells are harder to cast, but more powerful.


Message History

You climb upwards.
There is a stone staircase leading down here.
(D) Dungeon (T) Temple (L) Lair (S) Swamp (P) Snake Pit (M) Slime Pits (O) Orcish Mines (E) Elven Halls (V) Vaults (C) Crypt (U) Depths (H) Hell (Z) Zot
Where to? (Tab/Enter - D:1 @ (x,y), ? - help)
Things that are here:
a +0 robe; a +0 spear
Things that are here:
a +0 robe; a +2 halberd A profane servitor comes into view.
It is wielding a +1 whip.
Things that are here:
a +0 robe; a +3 spear You feel less exhausted.
(D) Dungeon (T) Temple (L) Lair (S) Swamp (P) Snake Pit (M) Slime Pits (O) Orcish Mines (E) Elven Halls (V) Vaults (C) Crypt (U) Depths (H) Hell (Z) Zot
Where to? (Tab/Enter - D:1 @ (x,y), ? - help)
A demonspawn blood saint and a blizzard demon come into view.
The blizzard demon shouts!
There is a stone staircase leading up here.
You climb upwards.
There is a stone staircase leading down here.
(D) Dungeon (T) Temple (L) Lair (S) Swamp (P) Snake Pit (M) Slime Pits (O) Orcish Mines (E) Elven Halls (V) Vaults (C) Crypt (U) Depths (H) Hell (Z) Zot
Where to? (Tab/Enter - D:1 @ (x,y), ? - help)
There is a stone staircase leading up here.
You climb upwards.
There is a stone staircase leading down here.
There is a stone staircase leading up here.
You climb upwards.
There is a stone staircase leading down here.
There is a stone staircase leading up, spattered with blood here.
You climb upwards. 3 hell hogs come into view.
There is a stone staircase leading down here.
The hell hog squeals angrily. x2
You shred the hell hog!!!!
You kill the hell hog!
The Council accepts your kill. The hell hog breathes fire at you.
The fireball explodes!
The fireball engulfs you. You resist.
The fireball engulfs the hell hog.
The hell hog completely resists.
You spin and attack the hell hog repeatedly.
You slice the hell hog!!
The hell hog is moderately wounded.
You slice the hell hog!!
The hell hog is almost dead.
The hell hog barely misses you. You furiously retaliate!
You headbutt the hell hog.
You spin and attack the hell hog repeatedly.
You slash the hell hog! You headbutt the hell hog!
The hell hog is heavily wounded.
You shred the hell hog!!!
You kill the hell hog!
The Council accepts your kill.
You spin and attack the hell hog repeatedly.
You slice the hell hog!!
You kill the hell hog!
The Council accepts your kill.
You have reached level 26!
(D) Dungeon (T) Temple (L) Lair (S) Swamp (P) Snake Pit (M) Slime Pits (O) Orcish Mines (E) Elven Halls (V) Vaults (C) Crypt (U) Depths (H) Hell (Z) Zot
Where to? (Tab/Enter - D:1 @ (x,y), ? - help) HP restored.
There is a stone staircase leading up here.
You climb upwards.
There is a stone staircase leading down here.
There is a stone staircase leading up here.
You climb upwards.
There is a stone staircase leading down here.
An Orb Guardian comes into view.
Unknown command.
You lunge at the Orb Guardian, in a flurry of attacks.
You slice the Orb Guardian!! You headbutt the Orb Guardian!
The Orb Guardian is heavily wounded.
You slice the Orb Guardian!! Your slash misses the Orb Guardian.
The Orb Guardian is almost dead.
The Orb Guardian hits you.
The Orb Guardian hits you but does no damage.
You shred the Orb Guardian!!!
You kill the Orb Guardian!
The Council accepts your kill.
(D) Dungeon (T) Temple (L) Lair (S) Swamp (P) Snake Pit (M) Slime Pits (O) Orcish Mines (E) Elven Halls (V) Vaults (C) Crypt (U) Depths (H) Hell (Z) Zot
Where to? (Tab/Enter - D:1 @ (x,y), ? - help)
There is a stone staircase leading up here.
You climb upwards.
There is a stone staircase leading down here.
There is a staircase leading out of the dungeon here.
Unknown command.
You have escaped!

######## ###.....[#
##........# #.P...P...#######
##.........#.....#
#....@...........# ## ###
#................# .# #.##
#..P...P......#### .# #..##
#...........###
.####...#####..#.#.....#
..#...#...##...#.......####
....#####..#.#............##
...## ##.................##
.)..########................#


There were no monsters in sight!

Vanquished Creatures
  the Royal Jelly (Slime:5)
  An orb of fire (Zot:1)
  Mara (Snake:4)
  Mennas (Vaults:4)
  Vv (Zot:1)
  Frederick (Vaults:3)
  Margery (Vaults:4)
  A curse toe (Zot:4)
  9 golden dragons
  Nikola (Swamp:3)
  the Enchantress (Depths:4)
  Zenata (Elf:1)
  15 tentacled monstrosities
  2 electric golems (Zot:1)
  Rupert (D:13)
  6 Orb Guardians
  A Hell Sentinel (Abyss:3)
  Asterion (Snake:1)
  2 deep elf blademasters (Elf:3)
  6 sphinxes
  6 liches
  A walking divine tome (Depths:3)
  3 quicksilver dragons (Zot:1)
  A walking earthen tome (Depths:3)
  2 titans
  2 deep elf master archers (Elf:3)
  An Executioner (Depths:2)
  Frances (D:13)
  Kirke (Swamp:3)
  17 acid blobs
  4 death cobs
  Aizul (Snake:3)
  4 thorn hunters (Swamp:4)
  4 shadow dragons
  6 storm dragons
  4 tengu reavers
  Donald (Elf:1)
  6 azure jellies
  A draconian knight (Zot:1)
  2 draconian monks (Zot:5)
  4 nagarajas
  7 fire giants
  9 vault wardens
  8 rockslimes
  4 imperial myrmidons (Desolation)
  6 frost giants
  2 draconian scorchers
  3 deep elf sorcerers (Elf:3)
  2 ghouls (Swamp:3)
  5 deep elf elementalists
  2 draconian annihilators
  A ghost moth (Zot:4)
  2 draconian shifters (Zot:1)
  A ghost moth (shapeshifter) (Abyss:3)
  13 ironbound preservers
  4 spriggan defenders
  4 draconian stormcallers
  7 formless jellyfish
  6 quicksilver oozes
  20 very ugly things
  13 stone giants
  A war gargoyle (Vaults:2)
  4 green draconians
  4 vampire knights
  9 ironbound thunderhulks
  6 deep elf demonologists
  5 white draconians
  7 black draconians
  4 purple draconians
  6 eleionomae
  6 yellow draconians
  6 bunyips
  5 spark wasps
  7 deep elf annihilators
  7 red draconians
  15 dire elephants
  Snorg (D:14)
  9 deep elf death magi
  6 ettins
  13 fire dragons
  4 crystal guardians
  4 deep elf high priests
  An entropy weaver (Vaults:4)
  5 shambling mangroves
  8 yaktaur captains
  15 great orbs of eyes
  Josephine (D:12)
  11 ragged hierophants
  Fannar (D:10)
  15 servants of whispers (Desolation)
  A sphinx zombie (Depths:2)
  Erolcha (D:9)
  2 ghost crabs
  5 ice dragons
  11 peacekeepers
  An ogre mage (D:13)
  4 vault guards (Vaults:4)
  29 hydras
  A hell beast (Depths:3)
  A rakshasa (Depths:3)
  5 spriggan air magi
  2 salamander tyrants (Snake:4)
  9 anacondas
  12 alligators
  28 centaur warriors
  2 two-headed ogres (D:13)
  An anaconda (shapeshifter) (Abyss:3)
  A death knight (D:15)
  2 tengu warriors
  15 dancing weapons
  7 deep troll shamans
  9 ironbound frosthearts
  2 vampire magi
  9 boulder beetles
  3 hell hogs (D:4)
  8 death yaks
  8 deep troll earth magi
  16 naga warriors
  2 shock serpents
  The ghost of Ethylacetat the Mimic, a novice OpGl of Gozag (D:9)
  4 thrashing horrors (Abyss:3)
  Nergalle (Lair:1)
  6 spriggan berserkers
  11 deep elf knights
  7 hell knights
  12 naga sharpshooters
  Sonja (D:11)
  A sun demon (Depths:3)
  6 iron trolls
  A wretched star (Abyss:3)
  Amaemon (Lair:1)
  9 large abominations
  2 sixfirhies
  12 skeletal warriors
  A shadow wraith (Abyss:3)
  3 storm dragon zombies
  2 salamander mystics (Snake:3)
  6 goliath frogs
  The ghost of namnaref the Skirmisher, a novice HuHu of Makhleb (D:8)
  A fire crab (Lair:5)
  A fire crab (shapeshifter) (Abyss:3)
  11 spriggan druids
  A skyshark (Lair:3)
  51 deep trolls
  A golden dragon zombie (Depths:3)
  2 spectral hydras (Swamp:4)
  5 glowing orange brains
  8 naga ritualists
  8 deep elf archers
  9 swamp dragons
  14 ironbound convokers
  8 lindwurms
  4 bog bodies
  A spriggan simulacrum (Depths:2)
  7 wizards
  6 necromancers
  3 orc knights (Orc:2)
  4 orc sorcerers (Orc:2)
  19 deep elf zephyrmancers
  6 harpies
  13 mana vipers
  2 phantasmal warriors
  35 ugly things
  15 deep elf pyromancers
  18 salamanders
  6 cyclopes
  6 manticores (Depths:4)
  An elephant (shapeshifter) (D:14)
  17 moths of wrath
  A human zombie (Vaults:4)
  A worldbinder (Abyss:3)
  A fire giant zombie (Depths:2)
  20 elephants
  38 black mambas
  2 frost giant skeletons
  4 will-o-the-wisps
  Maurice (D:9)
  6 guardian serpents
  15 vault sentinels
  An ice statue (IceCv)
  An eye of devastation (shapeshifter) (Depths:3)
  3 eyes of devastation
  A torpor snail (Lair:3)
  Joseph (D:9)
  2 molten gargoyles (Desolation)
  7 cane toads
  19 naga magi
  2 gargoyles
  An orange demon (Lair:1)
  13 unseen horrors
  32 yaktaurs
  A kobold demonologist (D:12)
  3 rime drakes
  13 komodo dragons
  2 anaconda simulacra (IceCv)
  5 freezing wraiths
  A red devil (Depths:3)
  A tengu conjurer (Depths:3)
  5 trolls
  12 ice devils
  2 hydra zombies (Swamp:4)
  86 saltlings
  A tengu simulacrum (Depths:2)
  4 death drake zombies (Swamp:4)
  2 polar bears
  A guardian mummy (D:14)
  12 tyrant leeches
  31 hornets
  15 blink frogs
  3 dream sheep (D:8)
  5 small abominations
  3 hydra skeletons (Swamp:4)
  Sigmund (D:2)
  An air elemental (Elf:1)
  An ettin skeleton (D:15)
  76 slime creatures
  6 wraiths
  A shadow (D:11)
  A centaur simulacrum (D:15)
  A ynoxinul (Depths:3)
  A spriggan (shapeshifter) (D:13)
  19 spriggans
  3 wyverns
  A dire elephant simulacrum (IceCv)
  60 yaks
  8 water elementals
  5 fire elementals
  Grum (Lair:1)
  3 basilisks
  A golden eye (shapeshifter) (Abyss:2)
  A golden eye (Slime:5)
  A yaktaur simulacrum (Vaults:4)
  2 hogs (Swamp:3)
  6 chaos spawn
  2 steam dragons
  A human (Swamp:3)
  2 redbacks (shapeshifter) (Abyss:3)
  2 redbacks (Vaults:4)
  4 starcursed masses (Abyss:3)
  3 death yak simulacra (IceCv)
  12 vampire mosquitoes
  2 harpy simulacra (IceCv)
  4 hydra simulacra
  39 nagas
  20 swamp worms
  6 acid dragons
  A water moccasin (shapeshifter) (Elf:1)
  3 floating eyes
  3 glowing shapeshifter skeletons
  5 hell hounds (Depths:4)
  Duvessa (D:6)
  17 water moccasins
  4 swamp drakes
  38 orc warriors
  2 ice beasts (D:6)
  A black bear (D:8)
  9 wolves
  3 swamp dragon zombies (Swamp:4)
  7 ogres
  10 boggarts
  A phantom (D:4)
  A swamp dragon skeleton (Swamp:4)
  19 centaurs
  5 kobold brigands
  20 bullfrogs
  A gnoll sergeant (D:5)
  A two-headed ogre simulacrum (IceCv)
  2 scorpions (D:4)
  7 cane toad simulacra
  A necrophage (Swamp:3)
  2 earth elementals
  Dowan (D:6)
  11 wights
  5 elephant simulacra
  3 vampire bats (Lair:5)
  A howler monkey (D:6)
  6 electric eels
  A quasit (Abyss:3)
  A lava snake (Snake:4)
  5 jellies
  An iron imp (Abyss:3)
  9 orc priests
  Jessica (D:2)
  A gnoll bouda (D:8)
  4 iguanas
  17 orc wizards
  4 polar bear simulacra
  7 wolf simulacra
  13 gnolls
  A naga simulacrum (IceCv)
  7 adders
  7 white imps
  2 ufetubi
  3 worms
  A dart slug (D:4)
  78 orcs
  6 ball pythons
  13 endoplasms
  2 giant cockroaches
  16 goblins
  19 hobgoblins
  12 jackals
  4 quokkas
  16 bats
  6 frilled lizards
  25 kobolds
  5 rats (D:1)
  2 lurking horrors (Abyss:3)
  A spectral weapon (Snake:1)
2157 creatures vanquished.

Vanquished Creatures (collateral kills)
  2 vampire mosquitoes (Swamp:4)
2 creatures vanquished.

Vanquished Creatures (others)
  A hydra zombie (Swamp:4)
  A peacekeeper (Desolation)
  An alligator (Swamp:4)
  A bloated husk (Swamp:1)
  A water elemental (Elf:2)
  A hydra simulacrum (Swamp:4)
  A boggart (Vaults:1)
  A goblin (D:7)
  10 foxfires
18 creatures vanquished.

Grand Total: 2177 creatures vanquished

Notes
Turn   | Place    | Note
-------+----------+-------------------------------------------
     0 | D:1      | EnegeticOcto the Minotaur Shapeshifter began the quest for
                  | the Orb.
     0 | D:1      | Reached XP level 1. HP: 16/16 MP: 0/0
    72 | D:1      | Reached skill level 1 in Stealth
   164 | D:1      | Reached XP level 2. HP: 22/23 MP: 1/1
   232 | D:1      | Reached skill level 2 in Stealth
   301 | D:1      | Reached skill level 2 in Fighting
   371 | D:1      | Reached XP level 3. HP: 29/29 MP: 2/2
   609 | D:2      | Reached skill level 4 in Unarmed Combat
   745 | D:2      | Noticed Sigmund
   759 | D:2      | Killed Sigmund
   760 | D:2      | Reached skill level 5 in Unarmed Combat
   760 | D:2      | Reached skill level 4 in Fighting
   760 | D:2      | Reached XP level 4. HP: 36/41 MP: 3/3
   760 | D:2      | Reached XP level 5. HP: 41/47 MP: 4/4
   824 | D:2      | Noticed Jessica
   825 | D:2      | Killed Jessica
   826 | D:2      | Reached skill level 5 in Fighting
   913 | D:2      | You fall into a shaft and drop 1 floor!
  1027 | D:2      | Reached XP level 6. HP: 56/56 MP: 5/5
  1463 | D:3      | Identified a scroll of acquirement
  1464 | D:3      | Acquired a manual of Unarmed Combat
  1661 | D:3      | Found a snail-covered altar of Cheibriados.
  1807 | D:3      | Found Qotigh's Jewellery Shop.
  2141 | D:3      | Reached skill level 6 in Unarmed Combat
  2350 | D:4      | Reached skill level 7 in Unarmed Combat
  2350 | D:4      | Reached skill level 3 in Shapeshifting
  2361 | D:4      | Reached XP level 7. HP: 56/61 MP: 6/6
  2415 | D:4      | Found a radiant altar of Vehumet.
  2794 | D:4      | Found a glowing golden altar of the Shining One.
  2853 | D:5      | Entered Level 5 of the Dungeon
  2977 | D:5      | Reached skill level 8 in Unarmed Combat
  3529 | D:5      | Reached skill level 9 in Unarmed Combat
  3581 | D:5      | Reached skill level 4 in Shapeshifting
  3601 | D:5      | Reached XP level 8. HP: 46/68 MP: 7/7
  3834 | D:6      | Found a staircase to the Ecumenical Temple.
  3842 | Temple   | Entered the Ecumenical Temple
  3850 | Temple   | Became a worshipper of the Wu Jian Council
  3973 | D:6      | Reached skill level 10 in Unarmed Combat
  4012 | D:6      | Found an iron altar of Okawaru.
  4193 | D:6      | Got the Spellbook of the Hornet and Austromancy
  4335 | D:6      | Noticed Duvessa
  4347 | D:6      | Killed Duvessa
  4348 | D:6      | Reached skill level 11 in Unarmed Combat
  4351 | D:6      | Noticed Dowan
  4354 | D:6      | Killed Dowan
  4355 | D:6      | Reached skill level 5 in Shapeshifting
  4457 | D:7      | Found a flagged portal.
  4507 | Bailey   | Entered a bailey
  4516 | Bailey   | Reached * piety under Wu Jian
  4659 | Bailey   | Identified the +0 bardiche of a Gauntlet {venom, Will++}
  4736 | Bailey   | Reached skill level 12 in Unarmed Combat
  4977 | Bailey   | Reached XP level 9. HP: 74/74 MP: 8/8
  5513 | D:3      | Bought a +5 ring of evasion for 360 gold pieces
  5789 | D:7      | Reached skill level 13 in Unarmed Combat
  5790 | D:7      | Reached skill level 6 in Shapeshifting
  5793 | D:7      | Reached ** piety under Wu Jian
  5794 | D:7      | Reached skill level 1 in Armour
  6104 | D:7      | Reached skill level 2 in Armour
  6104 | D:7      | Reached skill level 3 in Dodging
  6108 | D:7      | Reached skill level 6 in Fighting
  6108 | D:7      | Reached skill level 3 in Armour
  6113 | D:7      | Reached skill level 4 in Dodging
  6114 | D:7      | Reached skill level 4 in Armour
  6123 | D:7      | Noticed a troll
  6133 | D:7      | Killed a troll
  6151 | D:7      | Found The Oracle's Delphic Readings.
  6154 | D:7      | Bought a scroll of blinking for 120 gold pieces
  6154 | D:7      | Bought a scroll of revelation for 120 gold pieces
  6154 | D:7      | Bought a scroll of poison for 64 gold pieces
  6241 | D:7      | Reached skill level 7 in Fighting
  6241 | D:7      | Reached XP level 10. HP: 83/86 MP: 9/9
  6488 | D:8      | Reached skill level 5 in Dodging
  6489 | D:8      | Reached skill level 5 in Armour
  6536 | D:8      | Found Ecaddoes's Changing Room.
  6550 | D:8      | Bought a potion of mutation for 96 gold pieces
  6588 | D:8      | Found a runed translucent gate.
  6617 | D:8      | Reached skill level 1 in Evocations
  6645 | D:8      | Found a runed translucent gate.
  6645 | D:8      | Noticed namnaref's ghost (novice HuHu)
  6645 | D:8      | Noticed a ten-headed hydra
  6732 | D:8      | Reached skill level 8 in Fighting
  6804 | D:8      | Found a runed translucent gate.
  6914 | D:8      | Reached *** piety under Wu Jian
  7384 | D:8      | Reached skill level 14 in Unarmed Combat
  7406 | D:9      | Reached skill level 2 in Evocations
  7411 | D:9      | Found a staircase to the Lair.
  7697 | D:8      | Reached skill level 3 in Evocations
  7819 | D:9      | Noticed Maurice
  7831 | D:9      | Killed Maurice
  7860 | D:9      | Noticed Joseph
  7879 | D:9      | Killed Joseph
  7880 | D:9      | Reached skill level 15 in Unarmed Combat
  7999 | D:9      | Found a runed translucent door.
  8000 | D:9      | Noticed Ethylacetat's ghost (novice OpGl)
  8120 | D:9      | Noticed Erolcha
  8127 | D:9      | Killed Erolcha
  8127 | D:9      | Reached skill level 4 in Evocations
  8127 | D:9      | Reached XP level 11. HP: 94/94 MP: 10/10
  8242 | D:9      | Found a shimmering blue altar of Sif Muna.
  8474 | D:9      | Killed Ethylacetat's ghost
  8475 | D:9      | Reached skill level 7 in Shapeshifting
  8519 | D:10     | Entered Level 10 of the Dungeon
  8519 | D:10     | Noticed an angel
  8519 | D:10     | Found a shimmering altar of Xom.
  8849 | D:10     | Found a staircase to the Orcish Mines.
  8971 | D:10     | Found a glowing silver altar of Zin.
  9026 | D:10     | Found a runed translucent door.
  9027 | D:10     | Found a burning altar of Makhleb.
  9027 | D:10     | Noticed a sixfirhy
  9076 | D:10     | Reached skill level 5 in Evocations
  9081 | D:10     | Reached skill level 16 in Unarmed Combat
  9299 | D:10     | Noticed Fannar
  9315 | D:10     | Killed Fannar
  9471 | D:10     | Acquired a manual of Unarmed Combat
  9544 | Lair:1   | Entered Level 1 of the Lair of Beasts
  9544 | Lair:1   | Noticed a death yak
  9544 | Lair:1   | Noticed a death yak
  9544 | Lair:1   | Noticed a death yak
  9544 | Lair:1   | Noticed a death yak
  9544 | Lair:1   | Noticed a death yak
  9553 | D:9      | Killed a death yak
  9813 | D:8      | Killed a death yak
  9814 | D:8      | Reached skill level 8 in Shapeshifting
  9835 | D:8      | Killed a death yak
  9863 | D:9      | Killed a death yak
  9918 | Lair:1   | Killed a death yak
  9948 | Lair:1   | Reached skill level 9 in Shapeshifting
 10020 | Lair:1   | Noticed an oklob plant
 10087 | Lair:1   | Noticed Amaemon
 10088 | Lair:1   | Reached **** piety under Wu Jian
 10092 | Lair:1   | Noticed Grum
 10099 | Lair:1   | Killed Amaemon
 10100 | Lair:1   | Reached XP level 12. HP: 77/101 MP: 11/11
 10104 | Lair:1   | Killed Grum
 10539 | Lair:1   | Noticed Nergalle
 10544 | Lair:1   | Reached skill level 9 in Fighting
 10549 | Lair:1   | Killed Nergalle
 10559 | Lair:1   | Reached skill level 17 in Unarmed Combat
 10559 | Lair:1   | Reached skill level 10 in Shapeshifting
 11459 | Lair:2   | Reached skill level 10 in Fighting
 11597 | Lair:2   | Reached skill level 18 in Unarmed Combat
 11759 | Lair:2   | Reached XP level 13. HP: 83/113 MP: 12/12
 12008 | Lair:2   | Found a staircase to the Swamp.
 12130 | Lair:3   | Reached ***** piety under Wu Jian
 12150 | Lair:3   | Reached skill level 19 in Unarmed Combat
 12554 | Lair:3   | Found a staircase to the Snake Pit.
 12651 | Lair:3   | Reached skill level 11 in Shapeshifting
 13155 | Lair:4   | Found a frozen archway.
 13168 | Lair:4   | Reached skill level 20 in Unarmed Combat
 13202 | IceCv    | Entered an ice cave
 13788 | IceCv    | Reached ****** piety under Wu Jian
 14033 | IceCv    | Found an ancient bone altar of Kikubaaqudgha.
 14521 | IceCv    | Identified the ring "Cocexix" {rN+ Will+}
 15420 | Lair:5   | Entered Level 5 of the Lair of Beasts
 15447 | Lair:5   | Reached XP level 14. HP: 71/121 MP: 13/13
 15449 | Lair:5   | Reached skill level 21 in Unarmed Combat
 15569 | Lair:5   | Reached skill level 12 in Shapeshifting
 15753 | Lair:5   | Found a runed translucent door.
 15753 | Lair:5   | Found a viscous altar of Jiyva.
 15753 | Lair:5   | Noticed an acid blob
 15754 | Lair:5   | Found a staircase to the Slime Pits.
 15754 | Lair:5   | Noticed an acid blob
 15754 | Lair:5   | Noticed an acid blob
 16165 | Lair:5   | Identified the +8 glaive of the Shore {flame, Fragile rElec
                  | rF++ rCorr}
 16540 | Orc:1    | Entered Level 1 of the Orcish Mines
 16569 | Orc:1    | Learned a level 1 spell: Apportation
 16572 | Orc:1    | Learned a level 2 spell: Blink
 16575 | Orc:1    | Learned a level 2 spell: Passwall
 16578 | Orc:1    | Learned a level 2 spell: Wereblood
 16592 | Orc:1    | Noticed a walking frostbound tome
 16595 | Orc:1    | Found Saukargh's Book Boutique.
 16597 | Orc:1    | Noticed a walking crystal tome
 16619 | Orc:1    | Found Jizxeq's Weapon Boutique.
 16727 | Orc:1    | Found Osumafot's Distillery.
 16825 | Orc:1    | Found Motorphu's Assorted Antiques.
 16834 | Orc:1    | Bought a fuming dark potion for 27 gold pieces
 16873 | Orc:2    | Entered Level 2 of the Orcish Mines
 17120 | Orc:2    | Paralysed by an orc sorcerer for 5 turns
 17584 | Orc:2    | Reached skill level 6 in Armour
 17693 | Orc:2    | Found a staircase to the Elven Halls.
 17717 | Orc:2    | Reached skill level 6 in Dodging
 17740 | Orc:2    | Found Nougiul's Weapon Shoppe.
 17740 | Orc:2    | Found Raplul's Weapon Boutique.
 17741 | Orc:2    | Found Liff's Distillery.
 17743 | Orc:2    | Found Ynuuschia's Magic Scroll Emporium.
 17750 | Orc:2    | Bought 2 potions of heal wounds for 150 gold pieces
 17750 | Orc:2    | Bought a potion of resistance for 150 gold pieces
 17755 | Orc:2    | Bought a scroll of blinking for 135 gold pieces
 18161 | D:3      | Bought a ring of protection from fire for 250 gold pieces
 18336 | D:8      | Killed namnaref's ghost
 18875 | D:11     | Noticed Sonja
 18878 | D:11     | Killed Sonja
 18878 | D:11     | Reached skill level 11 in Fighting
 19294 | D:12     | Reached skill level 7 in Armour
 19400 | D:12     | Reached XP level 15. HP: 129/129 MP: 14/14
 19483 | D:12     | Noticed Josephine
 19490 | D:12     | Killed Josephine
 19491 | D:12     | Reached skill level 7 in Dodging
 19654 | D:12     | Found a transporter.
 19713 | D:12     | Identified the +0 dire flail "Dragonbane" {vamp, Fly rElec
                  | rC- Will-}
 19713 | D:12     | Identified the +5 great mace of the Moon {speed, rCorr
                  | Str+2}
 20245 | D:12     | Noticed MrShunz's ghost (journeyman MiBe)
 20266 | D:12     | Found a transporter.
 20304 | D:13     | Noticed Rupert
 20308 | D:13     | Killed Rupert
 20377 | D:13     | Reached skill level 8 in Armour
 20378 | D:13     | Found a gate to the Vaults.
 20457 | D:13     | Reached skill level 13 in Shapeshifting
 20538 | D:13     | Noticed Nessos
 20541 | D:13     | Noticed a sphinx
 20619 | D:13     | Reached skill level 12 in Fighting
 20619 | D:13     | Reached skill level 8 in Dodging
 20677 | D:13     | Found a transporter.
 20681 | D:13     | Found a shimmering blue altar of Sif Muna.
 20724 | D:13     | Found Ekul's Antique Armour Shop.
 20730 | D:13     | Noticed Frances
 20735 | D:13     | Killed Frances
 21031 | D:13     | Reached skill level 9 in Armour
 21226 | D:14     | Got the Anthology of Space
 21242 | D:14     | Found a shimmering altar of Xom.
 21242 | D:14     | Found a shimmering altar of Xom.
 21244 | D:14     | Found a shimmering altar of Xom.
 21244 | D:14     | Found a shimmering altar of Xom.
 21246 | D:14     | Found a shimmering altar of Xom.
 21246 | D:14     | Found a shimmering altar of Xom.
 21248 | D:14     | Found a shimmering altar of Xom.
 21341 | D:14     | Noticed Snorg
 21352 | D:14     | Killed Snorg
 21411 | D:14     | Reached skill level 9 in Dodging
 21567 | D:14     | Reached skill level 13 in Fighting
 21575 | D:14     | Reached skill level 10 in Armour
 21653 | D:14     | Found a portal to a secret trove of treasure.
 21885 | D:15     | Entered Level 15 of the Dungeon
 21994 | D:15     | Found a staircase to the Depths.
 23132 | D:10     | Reached skill level 10 in Dodging
 23256 | D:13     | Gained mutation: You have a somewhat thin skeletal
                  | structure. (Dex +2, Stealth+) [potion of mutation]
 23256 | D:13     | Gained mutation: You do not regenerate when monsters are
                  | visible. [potion of mutation]
 23257 | D:13     | Lost mutation: You do not regenerate when monsters are
                  | visible. [potion of mutation]
 23257 | D:13     | Lost mutation: You have a somewhat thin skeletal structure.
                  | (Dex +2, Stealth+) [potion of mutation]
 23257 | D:13     | Gained mutation: You have very sharp teeth. [potion of
                  | mutation]
 23257 | D:13     | Gained mutation: Your spells are a little harder to cast,
                  | but a little more powerful. [potion of mutation]
 23257 | D:13     | Gained mutation: Your spells are harder to cast, but more
                  | powerful. [potion of mutation]
 23413 | Snake:1  | Entered Level 1 of the Snake Pit
 23503 | Snake:1  | Reached XP level 16. HP: 142/145 MP: 15/15
 23509 | Snake:1  | Reached skill level 14 in Fighting
 23917 | Snake:1  | Noticed Asterion
 23934 | Snake:1  | Killed Asterion
 24013 | Snake:1  | Identified the +2 ring mail of Rizituru {Regen+}
 24321 | Snake:1  | Found Duequrif's General Store.
 24326 | Snake:1  | Bought a potion of haste for 140 gold pieces
 24547 | Snake:2  | Reached skill level 6 in Evocations
 24657 | Snake:2  | Reached skill level 11 in Armour
 24955 | Snake:2  | Reached skill level 11 in Dodging
 25101 | Snake:2  | Found a runed translucent gate.
 25101 | Snake:2  | Found a runed translucent gate.
 25101 | Snake:2  | Found a runed translucent gate.
 25102 | Snake:2  | Noticed Tarkan's ghost (journeyman MiBe)
 25103 | Snake:2  | Noticed Iheguu's ghost (adept DsEE)
 25104 | Snake:2  | Noticed Kiciri's ghost (adept MeEE)
 25147 | Snake:2  | Acquired the ring "Jaiwn" {rPois Will+ Int+2 Dex-5}
 25255 | Snake:2  | Found Huebay's Armour Boutique.
 25260 | Snake:2  | Found Ciagha's General Store.
 25260 | Snake:2  | Found Ahyod's Magic Scroll Shop.
 25262 | Snake:2  | Found Usesat Heda's Magic Scroll Shop.
 25275 | Snake:2  | Bought 3 scrolls of enchant armour for 225 gold pieces
 25751 | Snake:3  | Noticed Aizul
 25887 | Snake:3  | Found Owkiynevott's Jewellery Shoppe.
 25887 | Snake:3  | Found Luoba's Book Boutique.
 25888 | Snake:3  | Found Maoppiam's Book Boutique.
 26007 | Snake:3  | Reached skill level 15 in Fighting
 26241 | Snake:3  | Killed Aizul
 26584 | Snake:3  | Reached skill level 7 in Evocations
 27220 | Snake:3  | Found Qiplooq's Assorted Antiques.
 27252 | Snake:4  | Entered Level 4 of the Snake Pit
 27264 | Snake:4  | Reached skill level 12 in Armour
 27526 | Snake:4  | Reached XP level 17. HP: 119/156 MP: 16/16
 27733 | Snake:4  | Reached skill level 12 in Dodging
 27933 | Snake:4  | Reached skill level 8 in Evocations
 28176 | Snake:4  | Reached skill level 16 in Fighting
 28289 | Snake:4  | Reached skill level 13 in Armour
 28359 | Snake:4  | Noticed Mara
 28449 | Snake:4  | Noticed EnegeticOcto's illusion
 28573 | Snake:4  | Killed Mara
 28650 | Snake:4  | Reached skill level 13 in Dodging
 29476 | Snake:4  | Got a serpentine rune of Zot
 29793 | Snake:3  | Bought the ring of Pyaludd {rPois rC+ AC+4 Int+4} for 1126
                  | gold pieces
 29929 | Swamp:1  | Entered Level 1 of the Swamp
 31247 | Swamp:2  | Found a runed translucent gate.
 31247 | Swamp:2  | Found a runed translucent gate.
 31247 | Swamp:2  | Found a runed translucent gate.
 31247 | Swamp:2  | Noticed Jannitor's ghost (journeyman FeMo)
 31372 | Swamp:3  | Reached skill level 14 in Dodging
 31478 | Swamp:3  | Noticed a tentacled monstrosity
 31487 | Swamp:3  | Killed a tentacled monstrosity
 31488 | Swamp:3  | Reached XP level 18. HP: 165/166 MP: 17/17
 31742 | Swamp:3  | Reached skill level 14 in Shapeshifting
 32206 | Swamp:3  | Reached skill level 14 in Armour
 32338 | Swamp:3  | Noticed Kirke
 32346 | Swamp:3  | Killed Kirke
 32351 | Swamp:3  | Noticed Nikola
 32367 | Swamp:3  | Killed Nikola
 32856 | Swamp:4  | Entered Level 4 of the Swamp
 34731 | Swamp:4  | Reached skill level 15 in Shapeshifting
 34745 | Swamp:4  | Paralysed by a vampire knight for 3 turns
 35301 | Swamp:4  | Found a blossoming altar of Fedhas.
 35303 | Swamp:4  | Paralysed by something for 4 turns
 35919 | Swamp:4  | Found a basalt altar of Yredelemnul.
 35931 | Swamp:4  | Got a decaying rune of Zot
 36405 | Vaults:1 | Entered Level 1 of the Vaults
 36412 | Vaults:1 | You fall into a shaft and drop 1 floor!
 36534 | Vaults:2 | Reached skill level 16 in Shapeshifting
 36545 | Vaults:2 | Found a crumbling gateway.
 36549 | Desolati | Entered the Desolation of Salt
 37070 | Desolati | Reached XP level 19. HP: 172/172 MP: 18/18
 37411 | Desolati | Identified the +2 dagger of an ossuary {drain, *Corrode Fly
                  | Dex+3 Stlth+}
 37411 | Desolati | Identified the +1 chain mail "Corot" {Int+3}
 37743 | Desolati | Identified the +2 robe of Daffodils {SInv}
 37803 | Desolati | Identified the ring of Okawaru's Favour {rElec rCorr Dex+2}
 37821 | Desolati | Identified the +0 chain mail of the Irksome God {rF+ Str+6}
 37824 | Desolati | Got the Codex of the Unemployed Unperson
 38238 | Desolati | Reached skill level 17 in Shapeshifting
 38324 | Desolati | Got the Collected Works on Combat Magic
 38352 | Desolati | Identified the +2 scale mail "Xingar" {*Slow rN++ Slay+6}
 38374 | Desolati | Identified the ring "Leowi" {Wiz rCorr Str+5 Dex+2}
 38394 | Desolati | Identified the ring of Ejuaqaam {rF+ rN+ rCorr Dex+6}
 38484 | Desolati | Got the Treatise on Creation and Permutations
 38566 | Desolati | Identified the +0 short sword of the Tentacled God
                  | {antimagic, Drain Int+5}
 38566 | Desolati | Identified the ring of Deosas {rN+ Int+3}
 39634 | Vaults:1 | Reached skill level 18 in Shapeshifting
 39823 | Vaults:1 | Reached XP level 20. HP: 170/181 MP: 19/19
 40400 | Elf:1    | Entered Level 1 of the Elven Halls
 40470 | Elf:1    | Noticed Donald
 40486 | Elf:1    | Killed Donald
 40861 | Elf:1    | Found a shimmering blue altar of Sif Muna.
 40867 | Elf:1    | Noticed Zenata
 40879 | Elf:1    | Killed Zenata
 41037 | Elf:1    | Got the Quarto of Apparitions
 41516 | Elf:2    | Reached skill level 15 in Armour
 41547 | Elf:2    | Reached skill level 17 in Fighting
 41610 | Elf:2    | Reached skill level 15 in Dodging
 41610 | Elf:2    | Found a runed translucent gate.
 41610 | Elf:2    | Found a runed translucent gate.
 41611 | Elf:2    | Found a runed translucent gate.
 41971 | Elf:3    | Entered Level 3 of the Elven Halls
 42035 | Elf:3    | Identified the +6 quarterstaff of Wu Jian's Supremacy
                  | {vamp, Dex+3 SInv}
 42701 | Elf:3    | Found Miufokh's Distillery.
 42704 | Elf:3    | Bought a potion of curing for 42 gold pieces
 42704 | Elf:3    | Bought a potion of invisibility for 112 gold pieces
 42704 | Elf:3    | Bought a potion of attraction for 42 gold pieces
 43348 | Abyss:2  | Cast into level 2 of the Abyss (a deep elf demonologist)
 43350 | Abyss:2  | Found a corrupted altar of Lugonu.
 43419 | Abyss:2  | Found a corrupted altar of Lugonu.
 43431 | Abyss:2  | Found a corrupted altar of Lugonu.
 43431 | Abyss:2  | Found a corrupted altar of Lugonu.
 43507 | Abyss:3  | Got an abyssal rune of Zot
 43525 | Abyss:3  | Found a corrupted altar of Lugonu.
 43611 | Elf:3    | Escaped the Abyss
 43615 | Elf:3    | Reached skill level 16 in Armour
 43859 | Elf:3    | Found the ring of the Octopus King {HP+2 MP+9 AC+2 EV+2
                  | SH+2}
 44258 | Elf:3    | Identified the ring "Dibeupro" {+Blink rCorr Stlth+}
 44796 | Elf:3    | Identified the +10 quarterstaff "Epyrem" {drain, *Slow
                  | rElec rC- Dex+6}
 44800 | Elf:3    | Reached skill level 18 in Fighting
 44939 | Elf:3    | Reached skill level 16 in Dodging
 45322 | Elf:3    | Identified the ring "Nigahumyc" {EV+5 Dex+2}
 45380 | Elf:3    | Identified the +8 scale mail of the Constellations {rC+}
 45390 | Elf:3    | Identified the +2 longbow "Zesudghu" {freeze, Will+ Dex+2}
 45400 | Elf:3    | Got Sif Muna's Notes on Shaping and the Damned
 45421 | Elf:3    | Identified the staff of Valour {rC+ Dex+6 Ice}
 45484 | Elf:3    | Identified the +10 crystal plate armour of Filth {Harm
                  | *Slow Int+5 Stlth-}
 46221 | Vaults:2 | Reached XP level 21. HP: 194/194 MP: 20/20
 46407 | Vaults:2 | Reached skill level 17 in Armour
 47622 | Vaults:3 | Reached skill level 19 in Fighting
 47755 | Vaults:3 | Noticed Frederick
 47766 | Vaults:3 | Killed Frederick
 47766 | Vaults:3 | Reached skill level 17 in Dodging
 47815 | Vaults:3 | Found a staircase to the Crypt.
 47815 | Vaults:3 | Found a basalt altar of Yredelemnul.
 47859 | Vaults:3 | Found an ancient bone altar of Kikubaaqudgha.
 48407 | Vaults:3 | Identified the +1 quick blade of Bolorove {flame, Contam
                  | Str+4 Dex+2}
 48563 | Vaults:4 | Reached skill level 18 in Armour
 48769 | Vaults:4 | Noticed Mennas
 48773 | Vaults:4 | Killed Mennas
 49029 | Vaults:4 | Reached skill level 20 in Fighting
 49081 | Vaults:4 | Noticed Margery
 49089 | Vaults:4 | Killed Margery
 49090 | Vaults:4 | Reached skill level 18 in Dodging
 49290 | Vaults:4 | Reached XP level 22. HP: 128/211 MP: 21/21
 49545 | Vaults:4 | Reached skill level 21 in Fighting
 49744 | Depths:1 | Entered Level 1 of the Depths
 49744 | Depths:1 | Found a one-way gateway to a ziggurat.
 50006 | Depths:1 | Identified the +3 rapier "Achimopp" {drain, rCorr}
 50203 | Depths:1 | Found a one-way gate leading to the halls of Pandemonium.
 50266 | Depths:1 | Found a gateway to Hell.
 50776 | Depths:1 | Found Siuveeha's Self-Improvement Boutique.
 50784 | Depths:1 | Bought a manual of Unarmed Combat for 1440 gold pieces
 50845 | Depths:2 | Found Qirr's Antique Weapon Shoppe.
 50890 | Depths:1 | Reached skill level 19 in Armour
 50991 | Depths:1 | Reached skill level 22 in Unarmed Combat
 51239 | Depths:2 | Reached skill level 19 in Dodging
 51240 | Depths:2 | Identified the +1 great mace of Jeyg {venom, Dex+2}
 51510 | Depths:2 | Found Zulied's General Store.
 51950 | Depths:2 | Reached skill level 23 in Unarmed Combat
 52028 | Depths:2 | Got Ziufyemo's Monograph on Direction
 52083 | Depths:2 | Reached skill level 20 in Armour
 52094 | Depths:2 | Found Qosiuwn's Weapon Boutique.
 52096 | Depths:2 | Reached XP level 23. HP: 193/220 MP: 22/22
 52348 | Depths:2 | Found Votariff's Magic Scroll Shop.
 52414 | Depths:2 | Found Xaezup's Antique Weapon Shoppe.
 52610 | Depths:2 | Found a one-way gate to the infinite horrors of the Abyss.
 52856 | Depths:3 | Found a broken altar of Ashenzari.
 52945 | Depths:3 | You fall into a shaft and drop 1 floor!
 52945 | Depths:4 | Entered Level 4 of the Depths
 53119 | Depths:4 | Reached skill level 20 in Dodging
 53235 | Depths:4 | Noticed the Enchantress
 53236 | Depths:4 | Found a gate to the Realm of Zot.
 53245 | Depths:4 | Reached skill level 24 in Unarmed Combat
 53258 | Depths:4 | Killed the Enchantress
 53466 | Depths:4 | Found a white marble altar of Elyvilon.
 54037 | Zot:1    | Entered Level 1 of the Realm of Zot
 54059 | Zot:1    | Reached skill level 21 in Armour
 54669 | Slime:1  | Entered Level 1 of the Pits of Slime
 54679 | Slime:1  | Paralysed by a great orb of eyes for 5 turns
 55258 | Slime:2  | Reached skill level 25 in Unarmed Combat
 56149 | Slime:5  | Entered Level 5 of the Pits of Slime
 56813 | Slime:5  | Found a viscous altar of Jiyva.
 56814 | Slime:5  | Noticed the Royal Jelly
 56833 | Slime:5  | Killed the Royal Jelly
 56861 | Slime:5  | Reached XP level 24. HP: 218/231 MP: 22/22
 56907 | Slime:5  | Identified the ring of Hioregg {Wiz rElec rF+++ Str+3
                  | Dex-4}
 56936 | Slime:5  | Identified the +2 cloak of Space {+Inv rF+ MP+9}
 56954 | Slime:5  | Got a slimy rune of Zot
 56975 | Slime:5  | Identified the ring "Neaduk" {Fly rN+ MP+9 Str+3}
 57005 | Slime:5  | Identified the +0 scale mail of Ethics {Will+ Dex+2}
 57345 | D:14     | You showed the slimy rune of Zot to enter a treasure trove
 57346 | Trove    | Entered a treasure trove
 57463 | D:14     | Reached skill level 22 in Fighting
 57463 | D:14     | Reached skill level 22 in Armour
 57463 | D:14     | Reached skill level 26 in Unarmed Combat
 57463 | D:14     | Reached XP level 25. HP: 238/238 MP: 22/22
 57663 | Depths:2 | Bought a potion of haste for 110 gold pieces
 57872 | Orc:1    | Bought a potion of haste for 130 gold pieces
 57872 | Orc:1    | Bought a potion of haste for 130 gold pieces
 57872 | Orc:1    | Bought a potion of curing for 39 gold pieces
 57872 | Orc:1    | Bought 3 potions of might for 156 gold pieces
 57872 | Orc:1    | Bought 2 potions of enlightenment for 130 gold pieces
 57872 | Orc:1    | Bought a potion of enlightenment for 65 gold pieces
 59041 | Zot:1    | Noticed Vv
 59048 | Zot:1    | Killed Vv
 59066 | Zot:1    | Noticed an orb of fire
 59070 | Zot:1    | Killed an orb of fire
 59088 | Zot:1    | Reached skill level 27 in Unarmed Combat
 59117 | Zot:1    | Reached skill level 23 in Fighting
 59440 | Zot:1    | Reached skill level 23 in Armour
 61038 | Zot:5    | Entered Level 5 of the Realm of Zot
 61053 | Zot:5    | Reached skill level 9 in Evocations
 61471 | Zot:5    | Reached skill level 10 in Evocations
 62473 | Zot:5    | Noticed a Killer Klown
 62473 | Zot:5    | Noticed a dread lich
 62473 | Zot:5    | Noticed an orb of fire
 62473 | Zot:5    | Noticed a Killer Klown
 62473 | Zot:5    | Noticed a dread lich
 62473 | Zot:5    | Noticed a Killer Klown
 62473 | Zot:5    | Noticed a Killer Klown
 62473 | Zot:5    | Noticed an ancient lich
 62476 | Zot:5    | Got the Orb of Zot
 62826 | D:4      | Reached XP level 26. HP: 253/254 MP: 22/22
 62880 | D:$      | Escaped with the Orb!

Illustrated notes

Levels and vault maps discovered:
D:1:      dpeg_arrival_orchard, layout_rooms, minmay_box_of_dots
D:2:      layout_basic, uniq_jessica, uniq_sigmund
D:3:      layout_loops_ring, slow_altar_2, serial_shops,
          nicolae_shop_gibbet_a_chance
D:4:      layout_cave_pools, tso_oasis_becter,
          mainiacjoe_overflow_six_doors_small
D:5:      layout_basic
D:6:      layout_loops_cross, okawaru_altar_gauntlet_db,
          minmay_temple_entry_ruins, uniq_duvessa
D:7:      layout_gridville, enter_bailey_5, nicolae_nh_oracle_at_delphi
D:8:      layout_basic, gammafunk_ghost_hydra_chop, nicolae_transmutations_shop,
          dreamdust_gnoll_shepherd
D:9:      layout_basic, lemuel_blue_sif_altar, due_lair_maze_entry_diamond,
          gammafunk_ghost_grave, hex_tiny, uniq_maurice, uniq_erolcha,
          uniq_joseph
D:10:     layout_basic, grunt_temple_overflow_order_and_chaos_1,
          nzn_makhleb_speed_demon, erik_orc_3, nicolae_titane, uniq_fannar
D:11:     layout_roguey, uniq_sonja
D:12:     layout_grid_maze, gammafunk_ghost_smash, uniq_josephine
D:13:     gammafunk_sealed_library, layout_cave_pools,
          hangedman_vaults_entry_quadrant_bands, serial_shops,
          nicolae_shop_competitors_out_of_business, kennysheep_generic_room_16,
          uniq_nessos, uniq_rupert, uniq_frances
D:14:     layout_cave_pools, nicolae_xom_altar_mimics,
          nicolae_trove_entry_path_of_doom, uniq_snorg
D:15:     gammafunk_depths_entry_grave, layout_loops_ring,
          chequers_serial_rivers_large_b
Temple:   nicolae_temple_two_arcs
Lair:1:   layout_roguey, minivault_25, serial_bayou_shore_b, grunt_megastairs_1,
          serial_bayou_shore_b, uniq_grum, uniq_amaemon, uniq_nergalle
Lair:2:   layout_misc_corridors, nicolae_swamp_entry_splash_gauntlet
Lair:3:   layout_chaotic_city, dummy_snake_entry
Lair:4:   layout_gridlike, portal_ice_cave_entry_ice_simulacra,
          serial_bayou_pond_a
Lair:5:   guppyfry_lair_end_dragon, layout_gridlike, slime_entry_2,
          serial_rivers, chequers_serial_rivers_large_a,
          chequers_serial_rivers_micro_c, chequers_serial_rivers_micro_d,
          chequers_serial_rivers_small_3, chequers_serial_rivers_micro_c,
          chequers_serial_rivers_micro_d, roderic_batcave
Swamp:1:  layout_falls_marsh, evilmike_swamp_ruin_rubble_2,
          hangedman_swamp_diagram, swamp_pool3, nicolae_swamp_little_swirl
Swamp:2:  layout_basic_swamp, gammafunk_ghost_necromancy,
          nicolae_swamp_bean_lake, swamp_pool2, infiniplex_staircase_pool_2
Swamp:3:  nzn_winding_woodlands_small [nzn_winding_woodlands_5x15_parted,
          nzn_winding_woodlands_center_garden,
          nzn_winding_woodlands_5x15_cabin], layout_falls_marsh,
          nicolae_swamp_oxbows, infiniplex_staircase_pool, uniq_nikola,
          uniq_kirke
Swamp:4:  byrel_swamp_growth_death_and_undeath, layout_basic_swamp, swamp_pool3,
          nicolae_swamp_hydra_murder_den
Snake:1:  layout_grid_maze, serial_shops, nicolae_shop_rolling_square,
          drop_trap, lemuel_fruit_tree, uniq_asterion
Snake:2:  layout_cave_pods, gammafunk_ghost_cemetery, minmay_shoptagon,
          serial_bayou_shore_b
Snake:3:  layout_onion, serial_shops, nicolae_shop_back_alley_shop,
          nicolae_snake_guarding_the_ruins, serial_bayou_shore_b,
          minmay_shop_grove, uniq_aizul
Snake:4:  snake_pit, layout_basic, st_stairs_6, uniq_mara
Slime:1:  layout_caves
Slime:2:  layout_caves
Slime:3:  layout_caves
Slime:4:  layout_caves, nicolae_slime_phagocytosis
Slime:5:  slime_pit
Orc:1:    layout_diamond_mine, serial_shops, nicolae_lakefront_shop,
          nicolae_shop_mannequins, nicolae_shop_tiny_real_fake_doors, shop
Orc:2:    st_orc_rangers, layout_diamond_mine
Elf:1:    eino_elf_arrival_shootout, layout_loops_ring, basic_altar,
          minmay_elf_demonology, uniq_donald, uniq_zenata
Elf:2:    elven_hall_of_blades_hangedman_original
          [nicolae_blade_entry_floor_patterns], layout_loops_corners,
          minmay_strange_pillars
Elf:3:    elf_hall_gauntlet_wide, layout_geoelf_castle, serial_shops,
          nicolae_shop_tiny_real_fake_doors
Vaults:1: v_alt_pattern_1, nicolae_vaults_apartment_2,
          ontoclasm_vaults_ring_square, nicolae_vaults_storage_room_glass,
          v_alt_pattern_4, v_misc_1, nicolae_vaults_six-pack,
          nicolae_vaults_asterisk, vaults_dpeg_ring, ontoclasm_vaults_chip,
          layout_vaults_omnigrid
Vaults:2: portal_desolation_entry_nicolae_nacl, nicolae_vaults_little_squares_5,
          nicolae_vaults_alarming, nicolae_vaults_wine_cellar,
          nicolae_vaults_big_ls, nicolae_vaults_trapezoid_4,
          vaults_standard_mumra_enter_the_diamond, ontoclasm_vaults_hangar,
          nicolae_vaults_lightning_bolt, v_misc_27, nicolae_vaults_house_2,
          nicolae_vaults_theta, nicolae_vaults_cochlea,
          nicolae_vaults_storage_closets_1, layout_vaults_ring
Vaults:3: minmay_crypt_entry_necro_gods, v_misc_1,
          ontoclasm_vaults_claustrophobia, nicolae_vaults_tetromino_L_2,
          v_misc_11, nicolae_vaults_storage_closets_3, hangedman_vaults_impose,
          nicolae_vaults_shipping_containers_2, nicolae_vaults_little_squares_4,
          hangedman_vaults_locks, layout_vaults_big_room, uniq_frederick
Vaults:4: nicolae_vaults_tetromino_L_1, nicolae_vaults_six-pack,
          nicolae_vaults_surprise_closet, vaults_mumra_minichess,
          nicolae_vaults_heart-shaped_vault, hangedman_vaults_corner,
          vaults_room_semicircle, v_rooms_1, v_misc_17, vaults_dpeg_spiral,
          layout_vaults_omnibox, uniq_mennas, uniq_margery
Depths:1: layout_cross, enter_ziggurat_f, pf_vacation_house_of_asmodeus,
          pan_entry, columned_hall_lemuel, grunt_decor_fettered,
          roderic_lattice_a, minmay_crystal_water, nicolae_shop_self_help
Depths:2: minmay_the_grid_octo_tiled_squarecenter_mashed
          [minmay_the_grid_octo_empty, minmay_the_grid_octo_clover_2,
          minmay_the_grid_octo_clover, minmay_the_grid_octo_vomiting_pacman,
          minmay_the_grid_square_5x5_megaprize_diamond,
          minmay_the_grid_square_5x5_spiral, minmay_the_grid_square_5x5_c,
          minmay_the_grid_square_5x5_two_walls_b,
          minmay_the_grid_square_5x5_spiral_small], layout_cave_pools,
          grunt_pan_entry_spiral, minmay_room_of_horrors, serial_shops,
          nicolae_shop_tiny_real_fake_doors, shop, nicolae_shop_crystal, shop,
          shop, hell_entry, minmay_librarian
Depths:3: cheibrodos_leafed_vault, layout_basic, pf_coc_iceberg,
          rand_demon_pan_entry_7, ashenzari_conservatory_becter, abyss_entry,
          chequers_serial_rivers_small_b, minmay_staircase_windowed_small
Depths:4: grunt_twist_and_shout, layout_gridlike,
          nicolae_elyvilon_peaceful_grove, hell_entry, special_room
          [special_room_mythical_zoo], uniq_enchantress
Zot:1:    layout_basic, uniq_vv, uniq_josephina
Zot:2:    layout_concentric_octagons, st_small_dragon_hoard_4,
          hellmonk_greenhouse_of_terror, grunt_megastairs_4
Zot:3:    layout_gridville, lemuel_elevator
Zot:4:    layout_twisted_circle, zot_minivault_1
Zot:5:    layout_misc_corridors, st_stairs_2, grunt_ministairs_7

Skill      XL: |  1  2  3  4  5  6  7  8  9 10 11 12 13 14 15 16 17 18 19 20 21 22 23 24 25 |
---------------+----------------------------------------------------------------------------+-----
Stealth        | 1 2 |  2.0
Fighting       | 2 4 5 7 8 10 11 13 15 16 18 20 21 22 23 | 23.8
Unarmed Combat | 5 7 9 12 13 15 16 18 20 21 23 25 26 27 | 27.0
Shapeshifting  | 3 4 5 6 9 10 11 12 13 16 18 | 18.0
Armour         | 4 5 7 10 12 13 14 16 18 20 21 22 23 | 23.8
Dodging        | 4 5 6 10 11 14 16 18 19 20 | 20.5
Evocations     | 4 5 7 8 10 | 10.2

Action                     |  1- 3 |  4- 6 |  7- 9 | 10-12 | 13-15 | 16-18 | 19-21 | 22-24 | 25-27 || total
---------------------------+-------+-------+-------+-------+-------+-------+-------+-------+-------++-------
  Melee: Unarmed           |    74 |   103 |   227 |   604 |  1329 |  1338 |  1196 |   887 |   358 ||  6116
         Headbutt          |    12 |    11 |    46 |   157 |   375 |   362 |   337 |   278 |   115 ||  1693
         Punch             |     2 |     3 |    10 |       |       |    76 |   217 |   180 |    76 ||   564
         Bite              |       |       |       |       |     1 |   157 |   170 |   141 |    62 ||   531
   Fire: Sling             |       |       |    35 |       |       |       |       |       |       ||    35
 Invoke: Serpent's Lash    |       |       |       |     5 |    16 |    19 |    10 |    11 |     6 ||    67
         Heavenly Storm    |       |       |       |       |       |     2 |       |     1 |     2 ||     5
Ability: Lunge             |       |       |    14 |    34 |    93 |   110 |   128 |    83 |    42 ||   504
         Whirlwind         |       |       |    25 |    42 |   155 |   183 |    51 |   105 |    51 ||   612
         Wall Jump         |       |       |     3 |    10 |    16 |     6 |     1 |     2 |     1 ||    39
  Evoke: Wand              |       |       |       |       |     4 |     4 |    16 |     2 |       ||    26
         Box of beasts     |       |       |       |       |       |     1 |       |       |       ||     1
         Condenser vane    |       |       |       |       |       |       |     2 |     1 |       ||     3
    Use: Scroll            |     2 |     3 |     5 |     5 |    14 |     7 |     1 |     6 |     9 ||    52
         Potion            |       |       |       |       |     9 |     6 |     2 |     4 |    10 ||    31
   Stab: Sleeping          |     3 |       |       |       |       |       |       |       |       ||     3
         Distracted        |       |       |       |       |       |     1 |     2 |       |       ||     3
         Invisible         |       |       |       |       |       |       |       |       |    11 ||    11
 Armour: Animal skin       |    14 |       |       |       |       |       |       |       |       ||    14
         Chain mail        |     1 |    48 |    69 |   151 |   291 |   381 |    37 |       |       ||   978
         Scale mail        |       |       |       |    11 |    20 |       |       |       |       ||    31
         Plate armour      |       |       |       |       |       |       |   280 |   212 |       ||   492
         Skin              |       |       |       |       |       |       |    34 |       |       ||    34
         Gold dragon scale |       |       |       |       |       |       |       |    47 |   128 ||   175
  Dodge: Dodged            |    47 |    48 |    77 |   304 |   662 |   802 |   509 |   458 |   158 ||  3065
   Form: Flux              |       |       |     1 |       |       |     1 |       |       |       ||     2
         Blade             |       |       |       |       |       |     2 |       |       |       ||     2

Table legend: (Time is in decaauts)
 A = Elapsed time spent in this place.
 B = Non-inter-level travel time spent in this place.
 C = Inter-level travel time spent in this place.
 D = Time resting spent in this place.
 E = Time spent auto-exploring this place.
 F = Levels seen in this place.
 G = Mean time per level.
                   A        B        C        D        E       F      G
               +--------+--------+--------+--------+--------+-----+--------+
         Total |  61949 |  55145 |   6804 |  14954 |  29315 |  58 | 1068.1 |
       Dungeon |  16156 |  12881 |   3275 |   1153 |   9327 |  15 | 1077.1 |
        Temple |     16 |      9 |      7 |      0 |      0 |   1 |   16.0 |
          Lair |   6550 |   5366 |   1184 |    494 |   3835 |   5 | 1310.0 |
         Swamp |   6377 |   6026 |    351 |   2814 |   2241 |   4 | 1594.2 |
     Snake Pit |   5816 |   5371 |    445 |   1441 |   2840 |   4 | 1454.0 |
    Slime Pits |   1914 |   1862 |     52 |   1456 |      0 |   5 |  382.8 |
  Orcish Mines |   1664 |   1356 |    308 |    127 |    924 |   2 |  832.0 |
   Elven Halls |   4891 |   4746 |    145 |   1965 |   2092 |   3 | 1630.3 |
        Vaults |   4982 |   4680 |    302 |    194 |   3620 |   4 | 1245.5 |
        Depths |   5270 |   4677 |    593 |    807 |   2941 |   4 | 1317.5 |
           Zot |   3554 |   3415 |    139 |   2387 |    569 |   5 |  710.8 |
         Abyss |    241 |    241 |      0 |     29 |      0 |   2 |  120.5 |
         Trove |    113 |    113 |      0 |      0 |     59 |   1 |  113.0 |
        Bailey |    946 |    946 |      0 |    380 |    242 |   1 |  946.0 |
      Ice Cave |   1403 |   1403 |      0 |    654 |    215 |   1 | 1403.0 |
    Desolation |   2051 |   2051 |      0 |   1048 |    407 |   1 | 2051.0 |
               +--------+--------+--------+--------+--------+-----+--------+

Top non-repeatable levels by time:
   Elf:3: 3345 daAuts
 Swamp:4: 3068 daAuts
Desolation: 2051 daAuts
 Swamp:3: 1773 daAuts
 Snake:2: 1744 daAuts
     D:8: 1707 daAuts
  Lair:5: 1699 daAuts
 Snake:3: 1696 daAuts
Depths:1: 1659 daAuts
    D:12: 1614 daAuts
  Lair:1: 1597 daAuts
    D:15: 1498 daAuts
   Zot:5: 1453 daAuts
Vaults:1: 1412 daAuts
     D:9: 1406 daAuts
